 Dungeon Crawl Stone Soup version 0.29.1-1-gd02db6906a (webtiles) character file.

Game seed: 17068053071937119972

441 EvilAshe the Slasher (level 7, 0/52 HPs)
             Began as a Human Fighter on Oct 9, 2022.
             Was a Follower of Lugonu.
             Slain by a sky beast (6 damage)
             ... on level 4 of the Dungeon.
             The game lasted 00:08:59 (4716 turns).

EvilAshe the Slasher (Human Fighter)                Turns: 4716, Time: 00:09:00

Health: 0/52       AC: 15    Str: 16    XL:     7   Next: 22%
Magic:  7/7        EV: 10    Int:  9    God:    Lugonu [*.....]
Gold:   346        SH:  5    Dex: 14    Spells: 6/6 levels left

rFire   . . .      SeeInvis .   a - +0 long sword
rCold   . . .      Faith    .   c - +0 buckler
rNeg    . . .      Spirit   .   n - +0 chain mail
rPois   .          Reflect  .   (no helmet)
rElec   .          Harm     .   y - +0 cloak
rCorr   .          Rampage  .   (no gloves)
Will    .....      Rage     3%  u - +0 pair of boots
Stlth   ..........              (no amulet)
HPRegen 0.17/turn               E - +4 ring of protection
MPRegen 0.10/turn               s - +4 ring of evasion

@: no status effects
A: berserk 1, MP-powered wands
a: Renounce Religion, Depart the Abyss


You were on level 4 of the Dungeon.
You worshipped Lugonu.
Lugonu was aware of your devotion.
You visited 2 branches of the dungeon, and saw 6 of its levels.

You collected 346 gold pieces.

Inventory:

Hand Weapons
 a - a +0 long sword (weapon)
 p - the +5 war axe "Ramim" {antimagic, Str+5}
   (You found it on level 2 of the Dungeon)

   It reduces the magical energy of the wielder, and disrupts the spells and
   magical abilities of those it strikes.
   Natural abilities and divine invocations are not affected.
   Str:       It affects your strength (+5).
Missiles
 g - 31 stones (quivered)
 t - 5 poisoned darts
 w - 2 boomerangs
Armour
 c - a +0 buckler (worn)
 n - a +0 chain mail (worn)
 u - a +0 pair of boots (worn)
 y - a +0 cloak (worn)
Jewellery
 h - a ring of protection from fire
 r - a ring of positive energy
 s - a +4 ring of evasion (right hand)
 D - a ring of protection from cold
 E - a +4 ring of protection (left hand)
Scrolls
 b - 2 scrolls of magic mapping {unknown}
 e - a scroll of noise {unknown}
 f - a scroll of amnesia {unknown}
 i - 2 scrolls of fog {unknown}
 j - 2 scrolls of blinking {unknown}
 k - 5 scrolls of identify {unknown}
 m - 3 scrolls of poison {unknown}
 o - 2 scrolls of enchant weapon {unknown}
 v - a scroll of enchant armour {unknown}
Potions
 d - a potion of might
 l - a potion of curing
 q - a potion of mutation
 x - a potion of flight {unknown}
 z - a potion of berserk rage {unknown}
 A - a potion of ambrosia {unknown}
 B - a potion of haste {unknown}
 C - a potion of resistance


   Skills:
 - Level 3.0 Fighting
 * Level 7.3 Long Blades
 - Level 3.0 Armour
 - Level 3.0 Shields


You had 6 spell levels left.
You didn't know any spells.
Your spell library contained the following spells:

 Spells                   Type           Power      Damage    Failure   Level
 Apportation              Tloc           0%         N/A       100%        1
 Ensorcelled Hibernation  Hex/Ice        0%         N/A       100%        2
 Sublimation of Blood     Necr           0%         N/A       100%        2
 Wereblood                Tmut           0%         N/A       100%        2
 Ozocubu's Armour         Ice            0%         N/A       100%        3
 Spider Form              Tmut/Pois      0%         N/A       100%        3
 Anguish                  Hex/Necr       0%         N/A       100%        4
 Alistair's Intoxication  Tmut/Pois      0%         N/A       100%        5
 Metabolic Englaciation   Hex/Ice        0%         N/A       100%        5
 Simulacrum               Ice/Necr       0%         N/A       100%        6
 Summon Hydra             Summ           0%         N/A       100%        7


Dungeon Overview and Level Annotations

Branches:
Dungeon (5/15)             Temple (1/1) D:4

Altars:
Cheibriados
Elyvilon
Fedhas
Makhleb
Okawaru
Qazlal
Trog
Wu Jian
Xom
Yredelemnul
Lugonu


Innate Abilities, Weirdness & Mutations

You sometimes lose your temper in combat.
You expend magic power (3 MP) to strengthen your wands.


Message History

The sky beast is heavily wounded.
You feel sick. The sky beast barely misses you.
You hit the sky beast but do no damage.
The sky beast is heavily wounded.
You feel sick. The sky beast barely misses you.
You closely miss the sky beast.
The sky beast is heavily wounded.
You feel sick.
The sky beast hits you but does no damage.
You barely miss the sky beast.
The sky beast is heavily wounded.
You feel sick. The sky beast hits you. The sky beast shocks you.
You barely miss the sky beast.
The sky beast is heavily wounded.
You feel sick. The sky beast closely misses you.
You barely miss the sky beast.
The sky beast is heavily wounded.
You feel sick. You block the sky beast's attack.
You hit the sky beast.
The sky beast is heavily wounded.
You feel sick.
You are no longer poisoned.
The sky beast hits you. The sky beast shocks you.
You closely miss the sky beast.
The sky beast is heavily wounded.
The sky beast hits you but does no damage.
You hit the sky beast.
The sky beast is severely wounded.
The sky beast hits you. The sky beast shocks you.
* * * LOW HITPOINT WARNING * * *
You slash the sky beast!
The sky beast is almost dead.
The sky beast hits you.
* * * LOW HITPOINT WARNING * * *
The sky beast shocks you.
* * * LOW HITPOINT WARNING * * *
The sky beast hits you.
* * * LOW HITPOINT WARNING * * *
The sky beast shocks you.
You die...

#...# #........# #...#
#........# ### #...# #....>...#
### #.###...# #........# #..
#..#....# #........###.#
##...#.## ###.....<......# #
#.....### #...#######..### ##
###.....###.### ###.## .###
#...#.Y@...# ##.. ...##
#.#..##†.#.# ##.
....######.#.....##.## ##..
#.......##.....####..##
#####.##
###.###..........###..##
#....### #.).##.....##........#
#......#
###.##...#..#........###......#
#.#>.#.##...........#####....
#...##.###..................#


You could see a sky beast.

Vanquished Creatures
  A scorpion (D:4)
  A howler monkey (D:3)
  An orc priest (D:3)
  A hound (D:4)
  An iguana (D:4)
  Natasha (twice) (D:2)
  Terence (D:2)
  7 adders
  A white imp (D:5)
  A worm (D:2)
  2 dart slugs
  9 orcs
  3 bats
  10 endoplasms
  5 giant cockroaches
  6 goblins
  9 hobgoblins
  2 jackals (D:2)
  3 quokkas
  9 ball pythons
  4 frilled lizards
  11 kobolds
  13 rats
103 creatures vanquished.

Notes
Turn   | Place    | Note
-------+----------+-------------------------------------------
     0 | D:1      | EvilAshe the Human Fighter began the quest for the Orb.
     0 | D:1      | Reached XP level 1. HP: 18/18 MP: 1/1
   271 | D:1      | Reached XP level 2. HP: 22/24 MP: 2/2
   395 | D:1      | Reached skill level 3 in Long Blades
   647 | D:1      | Found a faded altar of an unknown god.
  1034 | D:2      | Reached XP level 3. HP: 27/29 MP: 3/3
  1467 | D:2      | Noticed Terence
  1500 | D:2      | Killed Terence
  1501 | D:2      | Reached skill level 4 in Long Blades
  1501 | D:2      | Reached XP level 4. HP: 27/35 MP: 4/4
  1644 | D:2      | Noticed Natasha
  1652 | D:2      | Killed Natasha
  1796 | D:2      | Noticed Natasha
  1803 | D:2      | Killed Natasha
  1804 | D:2      | Reached skill level 5 in Long Blades
  1804 | D:2      | Reached XP level 5. HP: 22/41 MP: 5/5
  1804 | D:2      | Identified the +5 war axe "Ramim" {antimagic, Str+5}
  2461 | D:3      | Found a white marble altar of Elyvilon.
  2948 | D:3      | Reached XP level 6. HP: 29/47 MP: 6/6
  3249 | D:3      | Reached skill level 6 in Long Blades
  3899 | D:4      | Gained mutation: You sometimes lose your temper in combat.
                  | [potion of mutation]
  3899 | D:4      | Gained mutation: You expend magic power (3 MP) to
                  | strengthen your wands. [potion of mutation]
  3906 | D:4      | Reached skill level 7 in Long Blades
  3906 | D:4      | Reached XP level 7. HP: 20/52 MP: 7/7
  4289 | D:4      | Found a staircase to the Ecumenical Temple.
  4302 | Temple   | Entered the Ecumenical Temple
  4313 | Temple   | Became a worshipper of Lugonu the Unformed
  4313 | Temple   | Reached * piety under Lugonu
  4440 | D:5      | Entered Level 5 of the Dungeon
  4496 | D:5      | Found a basalt altar of Yredelemnul.
  4526 | D:5      | Found an ornate altar of the Wu Jian Council.
  4716 | D:4      | Slain by a sky beast

Illustrated notes

Levels and vault maps discovered:
D:1:      dpeg_arrival_orchard, layout_basic,
          hellmonk_ecumenical_altar_inner_sanctum
D:2:      layout_basic, uniq_terence, uniq_natasha
D:3:      minmay_chambers_of_threes, layout_rooms, elyvilon_altar_1
D:4:      layout_rooms, minmay_temple_entry_fiery, hex_intersection
D:5:      layout_rooms, mainiacjoe_overflow_small_starburst,
          nicolae_wu_jian_wuxing_cycle, kennysheep_little_box,
          kennysheep_diamond
Temple:   corrupted_temple

Skill      XL: |  1  2  3  4  5  6 |
---------------+-------------------+-----
Long Blades    | 3 4 5 7 |  7.3
Fighting       | |  3.0
Armour         | |  3.0
Shields        | |  3.0

Action                   |  1- 3 |  4- 6 |  7- 9 || total
-------------------------+-------+-------+-------++-------
Melee: Long sword        |   103 |   189 |    35 ||   327
Throw: Stone             |     4 |     6 |     3 ||    13
  Use: Potion            |       |     3 |       ||     3
Armor: Scale mail        |    29 |       |       ||    29
       Chain mail        |    17 |    76 |    14 ||   107
Dodge: Dodged            |    28 |    54 |    15 ||    97
Block: Buckler           |    15 |    43 |     5 ||    63
